CHICAGO vs ARIZONA

Created - January 5, 2021 at 07:05

Goals
1 2 3 T
CHICAGO 0 0 0 0
ARIZONA 2 1 1 4
Shots
1 2 3 T
CHICAGO 10 3 9 22
ARIZONA 11 12 11 34

1st period

1. ARIZONA , Jean-Gabriel Pageau 1 (Joel Eriksson Ek 1) at 11:24
2. ARIZONA , Gabriel Landeskog 1 (Evgeni Malkin 1, Thomas Chabot 1) at 11:44

Penalties :
Tyson Barrie (CHI) for Goalie Interference (Minor) at 2:34, Justin Faulk (ARI) for Hooking (Minor) at 11:55

2nd period

3. ARIZONA , Jean-Gabriel Pageau 2 (Joel Eriksson Ek 2, Jay Bouwmeester 1) at 18:58

Penalties :
No Penalty

3rd period

4. ARIZONA , Bryan Little 1 (Gabriel Landeskog 1, Evgeni Malkin 2) at 0:26

Penalties :
Thomas Chabot (ARI) for Diving (Minor) at 7:09, Brandon Sutter (CHI) for Roughing (Minor) at 12:12

Goalie Stats

James Reimer (CHI), 30 saves from 34 shots - (0.882), L, 0-1-1, 60:00 minutes
Corey Crawford (ARI), 22 saves from 22 shots - (1.000), W, 1-1-0, 60:00 minutes

Players Stats for CHICAGO

Player Name              G  A  P  +/- PIM S  H  SB GA TA FO     MP     PP MP  PK MP  
------------------------------------------------------------------------------------
Brandon Sutter           0  0  0   0  2   2  0  1  0  0  6/12   11:53   0:00   0:00 
Brendan Perlini          0  0  0   0  0   1  0  0  0  0  0/0     9:02   0:00   0:28 
Brett Murray             0  0  0   0  0   0  1  1  0  0  0/1     8:34   0:00   0:00 
Cody Eakin               0  0  0  -1  0   1  3  0  0  0  0/2    18:43   2:03   0:00 
Connor Bunnaman          0  0  0   0  0   0  0  0  0  0  3/12    8:34   0:00   0:00 
Erik Haula               0  0  0  -3  0   2  0  1  0  0  0/0    16:51   1:55   0:00 
Frans Nielsen            0  0  0  -3  0   2  0  0  0  0  7/18   18:06   1:55   1:15 
Gustav Nyquist           0  0  0  -1  0   6  0  0  0  0  1/8    20:58   2:03   2:15 
Haydn Fleury             0  0  0  -1  0   0  3  1  0  0  0/0    19:21   1:33   0:41 
Mark Pysyk               0  0  0  -1  0   0  0  1  0  0  0/0    17:10   0:00   2:04 
Michael Del Zotto        0  0  0  -1  0   0  0  0  0  0  0/0    17:10   0:00   2:04 
Mikkel Boedker           0  0  0   0  0   0  0  0  0  0  1/1    12:47   0:00   0:53 
Milan Lucic              0  0  0  -3  0   1  2  0  0  0  2/4    18:06   1:55   1:15 
Nick Leddy               0  0  0  -2  0   2  1  1  0  0  0/0    23:57   2:25   1:41 
Sven Baertschi           0  0  0   0  0   1  0  0  0  0  0/1    11:54   0:00   0:00 
Travis Dermott           0  0  0  -1  0   1  4  3  0  0  0/0    19:15   1:33   0:35 
Tyler Bozak              0  0  0  -1  0   2  1  0  0  0  14/21  20:33   2:03   1:50 
Tyson Barrie             0  0  0  -2  2   1  1  0  0  0  0/0    23:06   2:25   0:51 

Players Stats for ARIZONA

Player Name              G  A  P  +/- PIM S  H  SB GA TA FO     MP     PP MP  PK MP  
------------------------------------------------------------------------------------
Adrian Kempe             0  0  0   0  0   2  1  0  0  0  0/0    16:50   1:15   0:00 
Brad Richardson          0  0  0   0  0   0  0  0  0  0  0/0     6:17   0:00   0:01 
Bryan Little             1  0  1   2  0   2  1  0  0  0  1/2    19:07   2:43   0:00 
Conor Sheary             0  0  0   0  0   2  0  0  0  0  0/0    15:35   0:00   0:00 
Evgeni Malkin            0  2  2   2  0   6  3  1  0  0  18/27  19:07   2:43   0:00 
Gabriel Landeskog        1  1  2   2  0   6  2  0  0  0  0/1    22:02   2:43   2:55 
Henri Jokiharju          0  0  0   1  0   3  2  1  0  0  0/0    21:00   1:37   2:22 
Jacob Larsson            0  0  0   1  0   2  0  0  0  0  0/0    16:04   0:00   1:55 
Jay Bouwmeester          0  1  1   1  0   0  0  1  0  0  0/0    19:28   0:09   2:18 
Jean-Gabriel Pageau      2  0  2   2  0   3  0  0  0  0  11/19  16:44   0:00   2:55 
Joel Eriksson Ek         0  2  2   2  0   1  0  0  0  0  1/2    14:51   0:00   1:02 
Justin Faulk             0  0  0   2  2   0  0  0  0  0  0/0    23:55   2:12   0:50 
Mario Ferraro            0  0  0   1  0   1  2  2  0  0  0/0    15:55   1:46   0:00 
Mikael Backlund          0  0  0   0  0   3  1  0  0  0  10/22  17:52   1:15   1:02 
Nicolas Aube-Kubel       0  0  0   0  0   1  0  0  0  0  0/1     6:16   0:00   0:00 
Riley Sheahan            0  0  0   0  0   0  0  0  0  0  5/6     6:17   0:00   0:01 
Thomas Chabot            0  1  1   2  2   0  5  1  0  0  0/0    23:36   2:12   0:31 
Zack Kassian             0  0  0   2  0   2  3  0  0  0  0/0    15:04   1:15   0:00 

3 Stars

1 - Jean-Gabriel Pageau (ARI)
2 - Corey Crawford (ARI)
3 - Gabriel Landeskog (ARI)

Power Play

CHICAGO - 0 on 2 Attempt(s) - 0.00%
ARIZONA - 0 on 2 Attempt(s) - 0.00%

Penalty Kill

CHICAGO - 2 on 2 Attempt(s) - 100.00% - Score 0 goal in Penalty Kill
ARIZONA - 2 on 2 Attempt(s) - 100.00% - Score 0 goal in Penalty Kill

Team Stat

CHICAGO - Hits : 16 - Faceoff Wins : 34 - Blocked Shots : 9 - Penalty Minutes : 4
ARIZONA - Hits : 20 - Faceoff Wins : 46 - Blocked Shots : 6 - Penalty Minutes : 4

Official

Referees : Andrew Wilk and Michael Markovic
Linesman : Travis Toomey and Michel Cormier

Game Notes

No Game Note

Finance

Level 1 -- Attendance: 5846 (97.43%) -- Ticket Income $508,602
Level 2 -- Attendance: 4901 (98.02%) -- Ticket Income $284,258
Level 3 -- Attendance: 1726 (86.30%) -- Ticket Income $60,410
Level 4 -- Attendance: 3782 (94.55%) -- Ticket Income $75,640
Luxury Box -- Attendance: 738 (73.80%) -- Ticket Income $136,530
Game was played at the Gila River Arena.
Total Attendance: 16993 (94.41%)
Total Ticket Income: $1,065,440
Total Income: $1,065,440

CHICAGO

5 vs 5 Forward 
   Center                   Left Wing                Right Wing               Time % Phy DF OF 
 1 Tyler Bozak              Cody Eakin               Gustav Nyquist           35     1   2  2  
 2 Frans Nielsen            Erik Haula               Milan Lucic              30     1   2  2  
 3 Brandon Sutter           Mikkel Boedker           Sven Baertschi           25     1   2  2  
 4 Connor Bunnaman          Brett Murray             Brendan Perlini          10     1   2  2  

5 vs 5 Defense 
   Defense                  Defense                                           Time % Phy DF OF 
 1 Tyson Barrie             Nick Leddy                                        35     1   2  2  
 2 Travis Dermott           Haydn Fleury                                      30     1   2  2  
 3 Michael Del Zotto        Mark Pysyk                                        25     1   2  2  
 4 Tyson Barrie             Nick Leddy                                        10     1   2  2  

PowerPlay Forward 
   Center                   Left Wing                Right Wing               Time % Phy DF OF 
 1 Tyler Bozak              Cody Eakin               Gustav Nyquist           60     1   2  2  
 2 Frans Nielsen            Erik Haula               Milan Lucic              40     1   2  2  

PowerPlay Defense
   Defense                  Defense                                           Time % Phy DF OF 
 1 Tyson Barrie             Nick Leddy                                        60     1   2  2  
 2 Travis Dermott           Haydn Fleury                                      40     1   2  2  

Penalty Kill 4 Players Forward 
   Center                   Wing                     Time % Phy DF OF 
 1 Gustav Nyquist           Tyler Bozak              60     1   2  2  
 2 Frans Nielsen            Milan Lucic              40     1   2  2  

Penalty Kill 4 Players Defense
   Defense                  Defense                  Time % Phy DF OF 
 1 Tyson Barrie             Nick Leddy               60     1   2  2  
 2 Michael Del Zotto        Mark Pysyk               40     1   2  2  

Penalty Kill - 3 Players Forward 
   Forward                                           Time % Phy DF OF 
 1 Gustav Nyquist                                    60     1   2  2  
 2 Tyler Bozak                                       40     1   2  2  

Penalty Kill - 3 Players Defense
   Defense                  Defense                  Time % Phy DF OF 
 1 Tyson Barrie             Nick Leddy               60     1   2  2  
 2 Michael Del Zotto        Mark Pysyk               40     1   2  2  

4 vs 4 Forward 
   Center                   Wing                     Time % Phy DF OF 
 1 Gustav Nyquist           Tyler Bozak              60     1   2  2  
 2 Frans Nielsen            Milan Lucic              40     1   2  2  

4 vs 4 Defense
   Defense                  Defense                  Time % Phy DF OF 
 1 Tyson Barrie             Nick Leddy               60     1   2  2  
 2 Michael Del Zotto        Mark Pysyk               40     1   2  2  

Last Minutes Offensive
   Center                   Left Wing                Right Wing               Defense                  Defense                  
   Tyler Bozak              Cody Eakin               Gustav Nyquist           Tyson Barrie             Nick Leddy               

Last Minutes Defensive
   Center                   Left Wing                Right Wing               Defense                  Defense                  
   Tyler Bozak              Cody Eakin               Gustav Nyquist           Tyson Barrie             Nick Leddy               

Goaltenders
Starting : James Reimer             
Backup : Cory Schneider           

Extra Forwards
Normal : Brett Murray, Brandon Sutter, Mikkel Boedker - PP : Brett Murray, Brandon Sutter - PK : Mikkel Boedker
Extra Defensemen
Normal : Travis Dermott, Haydn Fleury, Michael Del Zotto - PP : Travis Dermott - PK : Haydn Fleury, Michael Del Zotto
Penalty Shots
Gustav Nyquist, Tyler Bozak, Frans Nielsen, Milan Lucic, Cody Eakin

Scratches
Mason Appleton (Healthy), CHI Cap Hit (Suspend), Tyler Lewington (Healthy), Nikita Nesterov (Healthy), Mike Smith (Healthy)

ARIZONA

5 vs 5 Forward 
   Center                   Left Wing                Right Wing               Time % Phy DF OF 
 1 Evgeni Malkin            Bryan Little             Gabriel Landeskog        40     1   1  3  
 2 Mikael Backlund          Conor Sheary             Adrian Kempe             30     1   2  2  
 3 Jean-Gabriel Pageau      Joel Eriksson Ek         Zack Kassian             25     1   3  1  
 4 Riley Sheahan            Brad Richardson          Nicolas Aube-Kubel       5      1   4  0  

5 vs 5 Defense 
   Defense                  Defense                                           Time % Phy DF OF 
 1 Justin Faulk             Thomas Chabot                                     35     1   2  2  
 2 Jay Bouwmeester          Henri Jokiharju                                   30     1   2  2  
 3 Jacob Larsson            Mario Ferraro                                     25     1   2  2  
 4 Justin Faulk             Thomas Chabot                                     10     1   2  2  

PowerPlay Forward 
   Center                   Left Wing                Right Wing               Time % Phy DF OF 
 1 Evgeni Malkin            Bryan Little             Gabriel Landeskog        60     1   0  4  
 2 Mikael Backlund          Adrian Kempe             Zack Kassian             40     1   2  2  

PowerPlay Defense
   Defense                  Defense                                           Time % Phy DF OF 
 1 Justin Faulk             Thomas Chabot                                     60     1   1  3  
 2 Mario Ferraro            Henri Jokiharju                                   40     1   2  2  

Penalty Kill 4 Players Forward 
   Center                   Wing                     Time % Phy DF OF 
 1 Jean-Gabriel Pageau      Gabriel Landeskog        60     1   4  0  
 2 Mikael Backlund          Joel Eriksson Ek         40     1   3  1  

Penalty Kill 4 Players Defense
   Defense                  Defense                  Time % Phy DF OF 
 1 Justin Faulk             Jay Bouwmeester          60     1   3  1  
 2 Jacob Larsson            Henri Jokiharju          40     1   4  0  

Penalty Kill - 3 Players Forward 
   Forward                                           Time % Phy DF OF 
 1 Jean-Gabriel Pageau                               60     1   4  0  
 2 Riley Sheahan                                     40     1   4  0  

Penalty Kill - 3 Players Defense
   Defense                  Defense                  Time % Phy DF OF 
 1 Jay Bouwmeester          Thomas Chabot            60     1   4  0  
 2 Jacob Larsson            Henri Jokiharju          40     1   4  0  

4 vs 4 Forward 
   Center                   Wing                     Time % Phy DF OF 
 1 Evgeni Malkin            Gabriel Landeskog        60     1   1  3  
 2 Mikael Backlund          Conor Sheary             40     1   2  2  

4 vs 4 Defense
   Defense                  Defense                  Time % Phy DF OF 
 1 Justin Faulk             Henri Jokiharju          60     1   2  2  
 2 Jay Bouwmeester          Thomas Chabot            40     1   2  2  

Last Minutes Offensive
   Center                   Left Wing                Right Wing               Defense                  Defense                  
   Evgeni Malkin            Bryan Little             Gabriel Landeskog        Justin Faulk             Thomas Chabot            

Last Minutes Defensive
   Center                   Left Wing                Right Wing               Defense                  Defense                  
   Evgeni Malkin            Gabriel Landeskog        Conor Sheary             Justin Faulk             Jay Bouwmeester          

Goaltenders
Starting : Corey Crawford           
Backup : Alexandar Georgiev       

Extra Forwards
Normal : Jean-Gabriel Pageau, Riley Sheahan, Joel Eriksson Ek - PP : Jean-Gabriel Pageau, Riley Sheahan - PK : Riley Sheahan
Extra Defensemen
Normal : Henri Jokiharju, Mario Ferraro, Thomas Chabot - PP : Henri Jokiharju - PK : Henri Jokiharju, Jacob Larsson
Penalty Shots
Gabriel Landeskog, Evgeni Malkin, Mikael Backlund, Bryan Little, Jean-Gabriel Pageau

Scratches
Nick Shore (Healthy), ARI Cap Hit (Suspend), Oliver Kylington (Healthy)

% Time on Ice - CHICAGO

Lines # - Real PCT - Wanted PCT - Time Play
Normal Forward
1 - 32% - 35% - 16:40
2 - 29% - 30% - 14:56
3 - 23% - 25% - 11:54
4 - 16% - 10% - 8:34
Normal Defense
1 - 32% - 35% - 16:33
2 - 33% - 30% - 17:07
3 - 29% - 25% - 15:06
4 - 6% - 10% - 3:18
PP Forward
1 - 52% - 60% - 2:03
2 - 48% - 40% - 1:55
PP Defense
1 - 61% - 60% - 2:25
2 - 39% - 40% - 1:33
PK Forward
1 - 68% - 60% - 2:43
2 - 32% - 40% - 1:15
PK Defense
1 - 48% - 60% - 1:54
2 - 52% - 40% - 2:04
PK3 Forward
1 - 0% - 60%
2 - 0% - 40%
PK3 Defense
1 - 0% - 60%
2 - 0% - 40%
44 Forward
1 - 0% - 60%
2 - 0% - 40%
44 Defense
1 - 0% - 60%
2 - 0% - 40%
Last Minute Offensive  - 0:00
Last Minute Defensive  - 0:00
Total
Forward - 60:00
Defense - 60:00

% Time on Ice - ARIZONA

Lines # - Real PCT - Wanted PCT - Time Play
Normal Forward
1 - 31% - 40% - 16:24
2 - 30% - 30% - 15:35
3 - 27% - 25% - 13:49
4 - 12% - 5% - 6:16
Normal Defense
1 - 35% - 35% - 18:24
2 - 33% - 30% - 17:01
3 - 27% - 25% - 14:09
4 - 5% - 10% - 2:30
PP Forward
1 - 68% - 60% - 2:43
2 - 32% - 40% - 1:15
PP Defense
1 - 55% - 60% - 2:12
2 - 45% - 40% - 1:46
PK Forward
1 - 74% - 60% - 2:56
2 - 26% - 40% - 1:02
PK Defense
1 - 58% - 60% - 2:18
2 - 42% - 40% - 1:40
PK3 Forward
1 - 0% - 60%
2 - 0% - 40%
PK3 Defense
1 - 0% - 60%
2 - 0% - 40%
44 Forward
1 - 0% - 60%
2 - 0% - 40%
44 Defense
1 - 0% - 60%
2 - 0% - 40%
Last Minute Offensive  - 0:00
Last Minute Defensive  - 0:00
Total
Forward - 60:00
Defense - 60:00

Play-by-Play

1st period


0:01 of 1st period - Tyler Bozak wins face-off versus Evgeni Malkin in neutral zone.
0:45 of 1st period - Off-side.
0:46 of 1st period - Mikael Backlund wins face-off versus Frans Nielsen in neutral zone.
0:46 of 1st period - Adrian Kempe is hit by Milan Lucic and loses puck.
0:50 of 1st period - Henri Jokiharju is hit by Travis Dermott and loses puck.
0:56 of 1st period - Adrian Kempe is hit by Travis Dermott and loses puck.
1:05 of 1st period - Shot by Mikael Backlund.
1:05 of 1st period - Stopped by James Reimer without a rebound.
1:06 of 1st period - Brandon Sutter wins face-off versus Jean-Gabriel Pageau in CHICAGO zone.
1:25 of 1st period - Shot by Joel Eriksson Ek.
1:25 of 1st period - Shot Misses the Net.
1:27 of 1st period - Shot by Jean-Gabriel Pageau.
1:27 of 1st period - Stopped by James Reimer without a rebound.
1:28 of 1st period - Connor Bunnaman wins face-off versus Mikael Backlund in CHICAGO zone.
1:44 of 1st period - Shot by Adrian Kempe.
1:44 of 1st period - Shot Misses the Net.
1:53 of 1st period - Icing by Nick Leddy.
1:54 of 1st period - Jean-Gabriel Pageau wins face-off versus Connor Bunnaman in CHICAGO zone.
1:59 of 1st period - Shot by Henri Jokiharju.
1:59 of 1st period - Stopped by James Reimer with a rebound.
2:15 of 1st period - Shot by Zack Kassian.
2:15 of 1st period - Stopped by James Reimer with a rebound.
2:23 of 1st period - Shot by Joel Eriksson Ek.
2:23 of 1st period - Deflect By Jean-Gabriel Pageau.
2:23 of 1st period - Shot Blocked by Brett Murray.
2:25 of 1st period - Shot by Henri Jokiharju.
2:25 of 1st period - Stopped by James Reimer with a rebound.
2:31 of 1st period - Shot by Jean-Gabriel Pageau.
2:31 of 1st period - Shot Hit the Post.
2:33 of 1st period - Shot by Henri Jokiharju.
2:33 of 1st period - Shot Misses the Net.
2:34 of 1st period - Minor Penalty to Tyson Barrie for Goalie Interference.
2:35 of 1st period - Evgeni Malkin wins face-off versus Gustav Nyquist in CHICAGO zone.
2:38 of 1st period - Shot by Evgeni Malkin.
2:38 of 1st period - Stopped by James Reimer without a rebound.
2:39 of 1st period - Evgeni Malkin wins face-off versus Gustav Nyquist in CHICAGO zone.
3:18 of 1st period - Shot by Evgeni Malkin.
3:18 of 1st period - Shot Misses the Net.
3:20 of 1st period - Shot by Bryan Little.
3:20 of 1st period - Shot Misses the Net.
4:20 of 1st period - Shot by Henri Jokiharju.
4:20 of 1st period - Stopped by James Reimer without a rebound.
4:21 of 1st period - Frans Nielsen wins face-off versus Mikael Backlund in CHICAGO zone.
4:26 of 1st period - Adrian Kempe is hit by Milan Lucic and loses puck.
5:03 of 1st period - Icing by Brendan Perlini.
5:04 of 1st period - Jean-Gabriel Pageau wins face-off versus Connor Bunnaman in CHICAGO zone.
5:34 of 1st period - Icing by Travis Dermott.
5:35 of 1st period - Mikael Backlund wins face-off versus Frans Nielsen in CHICAGO zone.
5:35 of 1st period - Thomas Chabot is hit by Travis Dermott and loses puck.
5:42 of 1st period - Shot by Frans Nielsen.
5:42 of 1st period - Stopped by Corey Crawford with a rebound.
5:48 of 1st period - Shot by Frans Nielsen.
5:48 of 1st period - Stopped by Corey Crawford without a rebound.
5:49 of 1st period - Bryan Little wins face-off versus Tyler Bozak in ARIZONA zone.
6:50 of 1st period - Shot by Travis Dermott.
6:50 of 1st period - Shot Misses the Net.
6:52 of 1st period - Shot by Brandon Sutter.
6:52 of 1st period - Shot Misses the Net.
6:54 of 1st period - Shot by Haydn Fleury.
6:54 of 1st period - Shot Misses the Net.
7:07 of 1st period - Icing by Travis Dermott.
7:08 of 1st period - Mikael Backlund wins face-off versus Brandon Sutter in CHICAGO zone.
7:09 of 1st period - Shot by Conor Sheary.
7:09 of 1st period - Stopped by James Reimer without a rebound.
7:10 of 1st period - Mikael Backlund wins face-off versus Frans Nielsen in CHICAGO zone.
7:45 of 1st period - Shot by Mikael Backlund.
7:45 of 1st period - Shot Misses the Net.
7:52 of 1st period - Icing by Jacob Larsson.
7:53 of 1st period - Tyler Bozak wins face-off versus Mikael Backlund in ARIZONA zone.
7:56 of 1st period - Shot by Gustav Nyquist.
7:56 of 1st period - Shot Misses the Net.
8:16 of 1st period - Cody Eakin is hit by Mikael Backlund and loses puck.
8:34 of 1st period - Tyson Barrie is hit by Zack Kassian.
8:46 of 1st period - Shot by Sven Baertschi.
8:46 of 1st period - Stopped by Corey Crawford without a rebound.
8:47 of 1st period - Evgeni Malkin wins face-off versus Brandon Sutter in ARIZONA zone.
9:03 of 1st period - Brandon Sutter is hit by Evgeni Malkin and loses puck.
9:28 of 1st period - Shot by Evgeni Malkin.
9:28 of 1st period - Shot Misses the Net.
10:11 of 1st period - Off-side.
10:12 of 1st period - Tyler Bozak wins face-off versus Nicolas Aube-Kubel in neutral zone.
10:17 of 1st period - Shot by Tyson Barrie.
10:17 of 1st period - Stopped by Corey Crawford with a rebound.
10:21 of 1st period - Shot by Tyler Bozak.
10:21 of 1st period - Shot Misses the Net.
10:23 of 1st period - Shot by Nick Leddy.
10:23 of 1st period - Stopped by Corey Crawford without a rebound.
10:24 of 1st period - Connor Bunnaman wins face-off versus Mikael Backlund in ARIZONA zone.
11:11 of 1st period - Shot by Milan Lucic.
11:11 of 1st period - Stopped by Corey Crawford without a rebound.
11:12 of 1st period - Frans Nielsen wins face-off versus Jean-Gabriel Pageau in ARIZONA zone.
11:12 of 1st period - Frans Nielsen is hit by Mario Ferraro.
11:24 of 1st period - Shot by Jean-Gabriel Pageau.
11:24 of 1st period - Goal by Jean-Gabriel Pageau - CHICAGO : 0 - ARIZONA : 1.
11:25 of 1st period - Tyler Bozak wins face-off versus Evgeni Malkin in neutral zone.
11:25 of 1st period - Tyler Bozak is hit by Bryan Little.
11:28 of 1st period - Travis Dermott is hit by Thomas Chabot and loses puck.
11:31 of 1st period - Shot by Gustav Nyquist.
11:31 of 1st period - Shot Misses the Net.
11:33 of 1st period - Shot by Travis Dermott.
11:33 of 1st period - Stopped by Corey Crawford without a rebound.
11:34 of 1st period - Evgeni Malkin wins face-off versus Frans Nielsen in ARIZONA zone.
11:44 of 1st period - Shot by Gabriel Landeskog.
11:44 of 1st period - Goal by Gabriel Landeskog - CHICAGO : 0 - ARIZONA : 2.
11:45 of 1st period - Tyler Bozak wins face-off versus Joel Eriksson Ek in neutral zone.
11:45 of 1st period - Tyler Bozak is hit by Zack Kassian.
11:48 of 1st period - Off-side.
11:49 of 1st period - Tyler Bozak wins face-off versus Bryan Little in neutral zone.
11:49 of 1st period - Gustav Nyquist is hit by Gabriel Landeskog and loses puck.
11:55 of 1st period - Minor Penalty to Justin Faulk for Hooking.
11:56 of 1st period - Jean-Gabriel Pageau wins face-off versus Tyler Bozak in ARIZONA zone.
12:07 of 1st period - Shot by Tyler Bozak.
12:07 of 1st period - Stopped by Corey Crawford without a rebound.
12:08 of 1st period - Frans Nielsen wins face-off versus Jean-Gabriel Pageau in ARIZONA zone.
12:35 of 1st period - Shot by Nick Leddy.
12:35 of 1st period - Stopped by Corey Crawford with a rebound.
12:37 of 1st period - Shot by Erik Haula.
12:37 of 1st period - Stopped by Corey Crawford without a rebound.
12:38 of 1st period - Jean-Gabriel Pageau wins face-off versus Tyler Bozak in ARIZONA zone.
14:29 of 1st period - Shot by Riley Sheahan.
14:29 of 1st period - Shot Misses the Net.
16:03 of 1st period - Icing by Jay Bouwmeester.
16:04 of 1st period - Evgeni Malkin wins face-off versus Milan Lucic in ARIZONA zone.
16:25 of 1st period - Shot by Zack Kassian.
16:25 of 1st period - Stopped by James Reimer without a rebound.
16:26 of 1st period - Riley Sheahan wins face-off versus Brandon Sutter in CHICAGO zone.
16:51 of 1st period - Shot by Brad Richardson.
16:51 of 1st period - Shot Misses the Net.
16:53 of 1st period - Shot by Justin Faulk.
16:53 of 1st period - Shot Misses the Net.
18:12 of 1st period - Off-side.
18:13 of 1st period - Evgeni Malkin wins face-off versus Connor Bunnaman in neutral zone.
18:28 of 1st period - Shot by Gabriel Landeskog.
18:28 of 1st period - Shot Misses the Net.
Goals for this period are 0 for CHICAGO vs 2 for ARIZONA.
Shots for this period are 10 for CHICAGO vs 11 for ARIZONA.

2nd period


0:01 of 2nd period - Tyler Bozak wins face-off versus Mikael Backlund in neutral zone.
0:44 of 2nd period - Icing by Justin Faulk.
0:45 of 2nd period - Mikael Backlund wins face-off versus Frans Nielsen in ARIZONA zone.
1:39 of 2nd period - Shot by Evgeni Malkin.
1:39 of 2nd period - Shot Misses the Net.
1:45 of 2nd period - Shot by Bryan Little.
1:45 of 2nd period - Shot Blocked by Nick Leddy.
1:47 of 2nd period - Shot by Jacob Larsson.
1:47 of 2nd period - Stopped by James Reimer without a rebound.
1:48 of 2nd period - Tyler Bozak wins face-off versus Jean-Gabriel Pageau in CHICAGO zone.
1:55 of 2nd period - Jean-Gabriel Pageau is hit by Cody Eakin and loses puck.
2:20 of 2nd period - Shot by Zack Kassian.
2:20 of 2nd period - Shot Blocked by Haydn Fleury.
2:22 of 2nd period - Shot by Jean-Gabriel Pageau.
2:22 of 2nd period - Shot Misses the Net.
2:27 of 2nd period - Jean-Gabriel Pageau is hit by Travis Dermott and loses puck.
2:42 of 2nd period - Shot by Evgeni Malkin.
2:42 of 2nd period - Stopped by James Reimer with a rebound.
2:44 of 2nd period - Shot by Bryan Little.
2:44 of 2nd period - Shot Blocked by Travis Dermott.
2:46 of 2nd period - Shot by Bryan Little.
2:46 of 2nd period - Shot Misses the Net.
3:04 of 2nd period - Shot by Gabriel Landeskog.
3:04 of 2nd period - Shot Blocked by Travis Dermott.
3:06 of 2nd period - Shot by Gabriel Landeskog.
3:06 of 2nd period - Shot Misses the Net.
4:09 of 2nd period - Icing by Justin Faulk.
4:10 of 2nd period - Riley Sheahan wins face-off versus Frans Nielsen in ARIZONA zone.
4:33 of 2nd period - Shot by Mikael Backlund.
4:33 of 2nd period - Stopped by James Reimer without a rebound.
4:34 of 2nd period - Evgeni Malkin wins face-off versus Connor Bunnaman in CHICAGO zone.
5:26 of 2nd period - Shot by Erik Haula.
5:26 of 2nd period - Shot Blocked by Evgeni Malkin.
5:46 of 2nd period - Shot by Erik Haula.
5:46 of 2nd period - Stopped by Corey Crawford without a rebound.
5:47 of 2nd period - Brandon Sutter wins face-off versus Mikael Backlund in ARIZONA zone.
5:56 of 2nd period - Icing by Mikael Backlund.
5:57 of 2nd period - Mikael Backlund wins face-off versus Sven Baertschi in ARIZONA zone.
6:23 of 2nd period - Icing by Michael Del Zotto.
6:24 of 2nd period - Brandon Sutter wins face-off versus Jean-Gabriel Pageau in CHICAGO zone.
6:24 of 2nd period - Brandon Sutter is hit by Zack Kassian.
7:24 of 2nd period - Icing by Justin Faulk.
7:25 of 2nd period - Frans Nielsen wins face-off versus Jean-Gabriel Pageau in ARIZONA zone.
7:51 of 2nd period - Icing by Thomas Chabot.
7:52 of 2nd period - Jean-Gabriel Pageau wins face-off versus Connor Bunnaman in ARIZONA zone.
7:52 of 2nd period - Jean-Gabriel Pageau is hit by Brett Murray.
8:23 of 2nd period - Shot by Bryan Little.
8:23 of 2nd period - Deflect By Gabriel Landeskog.
8:23 of 2nd period - Stopped by James Reimer without a rebound.
8:24 of 2nd period - Tyler Bozak wins face-off versus Mikael Backlund in CHICAGO zone.
8:42 of 2nd period - Shot by Cody Eakin.
8:42 of 2nd period - Shot Misses the Net.
8:56 of 2nd period - Shot by Travis Dermott.
8:56 of 2nd period - Shot Blocked by Mario Ferraro.
8:58 of 2nd period - Shot by Cody Eakin.
8:58 of 2nd period - Stopped by Corey Crawford without a rebound.
8:59 of 2nd period - Frans Nielsen wins face-off versus Evgeni Malkin in ARIZONA zone.
9:01 of 2nd period - Milan Lucic is hit by Henri Jokiharju and loses puck.
9:40 of 2nd period - Icing by Jay Bouwmeester.
9:41 of 2nd period - Brandon Sutter wins face-off versus Evgeni Malkin in ARIZONA zone.
10:10 of 2nd period - Shot by Conor Sheary.
10:10 of 2nd period - Stopped by James Reimer without a rebound.
10:11 of 2nd period - Jean-Gabriel Pageau wins face-off versus Tyler Bozak in CHICAGO zone.
10:16 of 2nd period - Shot by Jean-Gabriel Pageau.
10:16 of 2nd period - Shot Blocked by Travis Dermott.
10:18 of 2nd period - Shot by Jacob Larsson.
10:18 of 2nd period - Shot Misses the Net.
11:17 of 2nd period - Mikael Backlund is hit by Haydn Fleury and loses puck.
12:13 of 2nd period - Off-side.
12:14 of 2nd period - Brandon Sutter wins face-off versus Riley Sheahan in neutral zone.
12:17 of 2nd period - Shot by Sven Baertschi.
12:17 of 2nd period - Shot Blocked by Mario Ferraro.
12:19 of 2nd period - Shot by Mark Pysyk.
12:19 of 2nd period - Shot Hit the Post.
12:21 of 2nd period - Shot by Michael Del Zotto.
12:21 of 2nd period - Shot Misses the Net.
12:23 of 2nd period - Shot by Brandon Sutter.
12:23 of 2nd period - Shot Misses the Net.
12:25 of 2nd period - Shot by Brandon Sutter.
12:25 of 2nd period - Stopped by Corey Crawford without a rebound.
12:26 of 2nd period - Connor Bunnaman wins face-off versus Gabriel Landeskog in ARIZONA zone.
12:33 of 2nd period - Shot by Brendan Perlini.
12:33 of 2nd period - Shot Misses the Net.
12:43 of 2nd period - Icing by Jay Bouwmeester.
12:44 of 2nd period - Evgeni Malkin wins face-off versus Frans Nielsen in ARIZONA zone.
13:04 of 2nd period - Shot by Evgeni Malkin.
13:04 of 2nd period - Stopped by James Reimer without a rebound.
13:05 of 2nd period - Jean-Gabriel Pageau wins face-off versus Brandon Sutter in CHICAGO zone.
13:32 of 2nd period - Shot by Mark Pysyk.
13:32 of 2nd period - Deflect By Mikkel Boedker.
13:32 of 2nd period - Shot Blocked by Thomas Chabot.
14:15 of 2nd period - Off-side.
14:16 of 2nd period - Tyler Bozak wins face-off versus Evgeni Malkin in neutral zone.
14:16 of 2nd period - Tyler Bozak is hit by Gabriel Landeskog.
14:19 of 2nd period - Off-side.
14:20 of 2nd period - Evgeni Malkin wins face-off versus Tyler Bozak in neutral zone.
14:26 of 2nd period - Bryan Little is hit by Haydn Fleury and loses puck.
14:45 of 2nd period - Shot by Cody Eakin.
14:45 of 2nd period - Shot Misses the Net.
16:12 of 2nd period - Shot by Jean-Gabriel Pageau.
16:12 of 2nd period - Shot Misses the Net.
17:47 of 2nd period - Cody Eakin is hit by Thomas Chabot and loses puck.
18:09 of 2nd period - Shot by Gabriel Landeskog.
18:09 of 2nd period - Stopped by James Reimer with a rebound.
18:36 of 2nd period - Shot by Brendan Perlini.
18:36 of 2nd period - Shot Misses the Net.
18:42 of 2nd period - Shot by Adrian Kempe.
18:42 of 2nd period - Stopped by James Reimer without a rebound.
18:43 of 2nd period - Jean-Gabriel Pageau wins face-off versus Milan Lucic in CHICAGO zone.
18:54 of 2nd period - Shot by Joel Eriksson Ek.
18:54 of 2nd period - Shot Misses the Net.
18:56 of 2nd period - Shot by Jean-Gabriel Pageau.
18:56 of 2nd period - Shot Misses the Net.
18:58 of 2nd period - Shot by Jean-Gabriel Pageau.
18:58 of 2nd period - Goal by Jean-Gabriel Pageau - CHICAGO : 0 - ARIZONA : 3.
18:59 of 2nd period - Riley Sheahan wins face-off versus Brett Murray in neutral zone.
19:04 of 2nd period - Shot by Riley Sheahan.
19:04 of 2nd period - Shot Misses the Net.
19:06 of 2nd period - Shot by Justin Faulk.
19:06 of 2nd period - Deflect By Nicolas Aube-Kubel.
19:06 of 2nd period - Stopped by James Reimer without a rebound.
19:07 of 2nd period - Evgeni Malkin wins face-off versus Frans Nielsen in CHICAGO zone.
19:08 of 2nd period - Shot by Gabriel Landeskog.
19:08 of 2nd period - Stopped by James Reimer without a rebound.
19:09 of 2nd period - Frans Nielsen wins face-off versus Evgeni Malkin in CHICAGO zone.
19:09 of 2nd period - Frans Nielsen is hit by Evgeni Malkin.
19:17 of 2nd period - Shot by Evgeni Malkin.
19:17 of 2nd period - Shot Misses the Net.
19:19 of 2nd period - Shot by Gabriel Landeskog.
19:19 of 2nd period - Shot Blocked by Erik Haula.
19:25 of 2nd period - Shot by Evgeni Malkin.
19:25 of 2nd period - Stopped by James Reimer without a rebound.
19:26 of 2nd period - Mikkel Boedker wins face-off versus Mikael Backlund in CHICAGO zone.
19:47 of 2nd period - Shot by Sven Baertschi.
19:47 of 2nd period - Shot Misses the Net.
19:49 of 2nd period - Shot by Sven Baertschi.
19:49 of 2nd period - Shot Misses the Net.
Goals for this period are 0 for CHICAGO vs 1 for ARIZONA.
Shots for this period are 3 for CHICAGO vs 12 for ARIZONA.

3rd period


0:01 of 3rd period - Evgeni Malkin wins face-off versus Tyler Bozak in neutral zone.
0:08 of 3rd period - Shot by Evgeni Malkin.
0:08 of 3rd period - Stopped by James Reimer with a rebound.
0:15 of 3rd period - Evgeni Malkin is hit by Nick Leddy and loses puck.
0:26 of 3rd period - Shot by Bryan Little.
0:26 of 3rd period - Goal by Bryan Little - CHICAGO : 0 - ARIZONA : 4.
0:27 of 3rd period - Mikael Backlund wins face-off versus Frans Nielsen in neutral zone.
1:12 of 3rd period - Icing by Jacob Larsson.
1:13 of 3rd period - Tyler Bozak wins face-off versus Mikael Backlund in ARIZONA zone.
1:16 of 3rd period - Shot by Gustav Nyquist.
1:16 of 3rd period - Stopped by Corey Crawford without a rebound.
1:17 of 3rd period - Tyler Bozak wins face-off versus Evgeni Malkin in ARIZONA zone.
1:32 of 3rd period - Shot by Gabriel Landeskog.
1:32 of 3rd period - Stopped by James Reimer without a rebound.
1:33 of 3rd period - Jean-Gabriel Pageau wins face-off versus Brandon Sutter in CHICAGO zone.
1:36 of 3rd period - Shot by Joel Eriksson Ek.
1:36 of 3rd period - Shot Misses the Net.
2:10 of 3rd period - Shot by Jean-Gabriel Pageau.
2:10 of 3rd period - Shot Blocked by Brandon Sutter.
2:39 of 3rd period - Shot by Evgeni Malkin.
2:39 of 3rd period - Deflect By Bryan Little.
2:39 of 3rd period - Stopped by James Reimer with a rebound.
2:55 of 3rd period - Shot by Cody Eakin.
2:55 of 3rd period - Shot Misses the Net.
2:57 of 3rd period - Shot by Tyler Bozak.
2:57 of 3rd period - Stopped by Corey Crawford without a rebound.
2:58 of 3rd period - Milan Lucic wins face-off versus Mikael Backlund in ARIZONA zone.
3:14 of 3rd period - Shot by Mikael Backlund.
3:14 of 3rd period - Shot Misses the Net.
3:16 of 3rd period - Shot by Mario Ferraro.
3:16 of 3rd period - Stopped by James Reimer without a rebound.
3:17 of 3rd period - Evgeni Malkin wins face-off versus Connor Bunnaman in CHICAGO zone.
3:27 of 3rd period - Icing by Mark Pysyk.
3:28 of 3rd period - Mikael Backlund wins face-off versus Connor Bunnaman in CHICAGO zone.
3:59 of 3rd period - Shot by Brendan Perlini.
3:59 of 3rd period - Stopped by Corey Crawford with a rebound.
4:06 of 3rd period - Icing by Mikael Backlund.
4:07 of 3rd period - Mikael Backlund wins face-off versus Cody Eakin in ARIZONA zone.
4:07 of 3rd period - Mikael Backlund is hit by Tyler Bozak.
4:10 of 3rd period - Adrian Kempe is hit by Cody Eakin and loses puck.
4:15 of 3rd period - Shot by Mario Ferraro.
4:15 of 3rd period - Shot Misses the Net.
4:22 of 3rd period - Icing by Tyson Barrie.
4:23 of 3rd period - Tyler Bozak wins face-off versus Evgeni Malkin in CHICAGO zone.
4:23 of 3rd period - Tyler Bozak is hit by Evgeni Malkin.
5:35 of 3rd period - Shot by Zack Kassian.
5:35 of 3rd period - Shot Misses the Net.
5:37 of 3rd period - Shot by Jay Bouwmeester.
5:37 of 3rd period - Shot Misses the Net.
5:47 of 3rd period - Shot by Joel Eriksson Ek.
5:47 of 3rd period - Stopped by James Reimer without a rebound.
5:48 of 3rd period - Brandon Sutter wins face-off versus Mikael Backlund in CHICAGO zone.
6:05 of 3rd period - Mark Pysyk is hit by Adrian Kempe and loses puck.
6:10 of 3rd period - Shot by Adrian Kempe.
6:10 of 3rd period - Stopped by James Reimer with a rebound.
6:12 of 3rd period - Shot by Jacob Larsson.
6:12 of 3rd period - Stopped by James Reimer without a rebound.
6:13 of 3rd period - Riley Sheahan wins face-off versus Connor Bunnaman in CHICAGO zone.
6:13 of 3rd period - Thomas Chabot is hit by Haydn Fleury and loses puck.
6:44 of 3rd period - Brendan Perlini is hit by Thomas Chabot and loses puck.
6:48 of 3rd period - Brett Murray is hit by Thomas Chabot and loses puck.
7:00 of 3rd period - Tyson Barrie is hit by Thomas Chabot.
7:09 of 3rd period - Minor Penalty to Thomas Chabot for Diving.
7:10 of 3rd period - Jean-Gabriel Pageau wins face-off versus Gustav Nyquist in ARIZONA zone.
7:21 of 3rd period - Shot by Cody Eakin.
7:21 of 3rd period - Shot Blocked by Henri Jokiharju.
7:23 of 3rd period - Shot by Nick Leddy.
7:23 of 3rd period - Shot Misses the Net.
7:25 of 3rd period - Shot by Gustav Nyquist.
7:25 of 3rd period - Shot Misses the Net.
7:27 of 3rd period - Shot by Gustav Nyquist.
7:27 of 3rd period - Stopped by Corey Crawford without a rebound.
7:28 of 3rd period - Frans Nielsen wins face-off versus Jean-Gabriel Pageau in ARIZONA zone.
7:44 of 3rd period - Off-side.
7:45 of 3rd period - Jean-Gabriel Pageau wins face-off versus Gustav Nyquist in neutral zone.
7:45 of 3rd period - Justin Faulk is hit by Cody Eakin and loses puck.
8:13 of 3rd period - Icing by Tyler Bozak.
8:14 of 3rd period - Tyler Bozak wins face-off versus Jean-Gabriel Pageau in CHICAGO zone.
8:31 of 3rd period - Shot by Travis Dermott.
8:31 of 3rd period - Shot Blocked by Jay Bouwmeester.
8:51 of 3rd period - Shot by Tyson Barrie.
8:51 of 3rd period - Shot Misses the Net.
9:18 of 3rd period - Michael Del Zotto is hit by Mario Ferraro.
9:59 of 3rd period - Shot by Adrian Kempe.
9:59 of 3rd period - Shot Misses the Net.
10:01 of 3rd period - Shot by Mikael Backlund.
10:01 of 3rd period - Stopped by James Reimer without a rebound.
10:02 of 3rd period - Evgeni Malkin wins face-off versus Tyler Bozak in CHICAGO zone.
10:24 of 3rd period - Shot by Gustav Nyquist.
10:24 of 3rd period - Stopped by Corey Crawford without a rebound.
10:25 of 3rd period - Milan Lucic wins face-off versus Mikael Backlund in ARIZONA zone.
10:56 of 3rd period - Shot by Mikael Backlund.
10:56 of 3rd period - Deflect By Conor Sheary.
10:56 of 3rd period - Shot Misses the Net.
12:03 of 3rd period - Shot by Gustav Nyquist.
12:03 of 3rd period - Stopped by Corey Crawford with a rebound.
12:12 of 3rd period - Minor Penalty to Brandon Sutter for Roughing.
12:13 of 3rd period - Evgeni Malkin wins face-off versus Gustav Nyquist in CHICAGO zone.
12:20 of 3rd period - Shot by Evgeni Malkin.
12:20 of 3rd period - Stopped by James Reimer without a rebound.
12:21 of 3rd period - Evgeni Malkin wins face-off versus Gustav Nyquist in CHICAGO zone.
12:26 of 3rd period - Shot by Evgeni Malkin.
12:26 of 3rd period - Shot Blocked by Mark Pysyk.
12:36 of 3rd period - Shot by Henri Jokiharju.
12:36 of 3rd period - Shot Misses the Net.
12:38 of 3rd period - Shot by Gabriel Landeskog.
12:38 of 3rd period - Stopped by James Reimer with a rebound.
12:44 of 3rd period - Shot by Bryan Little.
12:44 of 3rd period - Shot Misses the Net.
12:46 of 3rd period - Shot by Bryan Little.
12:46 of 3rd period - Shot Misses the Net.
13:55 of 3rd period - Off-side.
13:56 of 3rd period - Evgeni Malkin wins face-off versus Gustav Nyquist in neutral zone.
14:08 of 3rd period - Icing by Thomas Chabot.
14:09 of 3rd period - Gustav Nyquist wins face-off versus Evgeni Malkin in ARIZONA zone.
14:12 of 3rd period - Shot by Gustav Nyquist.
14:12 of 3rd period - Stopped by Corey Crawford without a rebound.
14:13 of 3rd period - Mikael Backlund wins face-off versus Frans Nielsen in ARIZONA zone.
14:37 of 3rd period - Travis Dermott is hit by Henri Jokiharju.
15:12 of 3rd period - Icing by Tyson Barrie.
15:13 of 3rd period - Evgeni Malkin wins face-off versus Brandon Sutter in CHICAGO zone.
15:23 of 3rd period - Shot by Brandon Sutter.
15:23 of 3rd period - Stopped by Corey Crawford without a rebound.
15:24 of 3rd period - Joel Eriksson Ek wins face-off versus Cody Eakin in ARIZONA zone.
15:39 of 3rd period - Shot by Michael Del Zotto.
15:39 of 3rd period - Shot Misses the Net.
16:39 of 3rd period - Joel Eriksson Ek is hit by Tyson Barrie and loses puck.
17:34 of 3rd period - Off-side.
17:35 of 3rd period - Evgeni Malkin wins face-off versus Connor Bunnaman in neutral zone.
18:44 of 3rd period - Shot by Gustav Nyquist.
18:44 of 3rd period - Deflect By Tyler Bozak.
18:44 of 3rd period - Shot Misses the Net.
18:46 of 3rd period - Shot by Gustav Nyquist.
18:46 of 3rd period - Stopped by Corey Crawford without a rebound.
18:47 of 3rd period - Riley Sheahan wins face-off versus Frans Nielsen in ARIZONA zone.
Goals for this period are 0 for CHICAGO vs 1 for ARIZONA.
Shots for this period are 9 for CHICAGO vs 11 for ARIZONA.